 Dungeon Crawl Stone Soup version 0.29-a0-378-gc08b2e8bf8 (webtiles) character file.

Game seed: 325311428188583098

7 Bruhh the Skirmisher (level 2, 0/24 HPs)
             Began as a Human Monk on May 5, 2022.
             Was a Believer of Okawaru.
             Slain by a quokka (1 damage)
             ... on level 1 of the Dungeon.
             The game lasted 00:01:08 (249 turns).

Bruhh the Skirmisher (Human Monk)                    Turns: 249, Time: 00:01:09

Health: 0/24       AC:  2    Str: 11    XL:     2   Next: 5%
Magic:  0/2        EV: 16    Int: 10    God:    Okawaru [**....]
Gold:   11         SH:  0    Dex: 15    Spells: 1/1 levels left

rFire   . . .      SeeInvis .   a - +0 spear
rCold   . . .      Faith    .   (no shield)
rNeg    . . .      Spirit   .   b - +0 robe
rPois   .          Reflect  .   (no helmet)
rElec   .          Harm     .   (no cloak)
rCorr   .          Rampage  .   (no gloves)
Will    .....                   (no boots)
Stlth   +++.......              (no amulet)
HPRegen 0.08/turn               (no ring)
MPRegen 0.08/turn               (no ring)

@: heroic
A: no striking features
a: Renounce Religion, Heroism


You were on level 1 of the Dungeon.
You worshipped Okawaru.
Okawaru was pleased with you.
You visited 1 branch of the dungeon, and saw 1 of its levels.

You collected 11 gold pieces.

Inventory:

Hand Weapons
 a - a +0 spear (weapon)
Armour
 b - a +0 robe (worn)
Scrolls
 d - a scroll of teleportation {unknown}
 e - a scroll of identify {unknown}
Potions
 c - a potion of ambrosia


   Skills:
 + Level 3.5(8.5) Fighting
 - Level 3.0(8.0) Polearms
 - Level 3.0(8.0) Dodging
 - Level 2.0(7.0) Stealth


You had one spell level left.
You didn't know any spells.
Your spell library contained the following spells:

 Spells                   Type           Power      Damage    Failure   Level
 Apportation              Tloc           0%         N/A       36%         1
 Animate Skeleton         Necr           Unusable   N/A       N/A         1
 Summon Small Mammal      Summ           Unusable   N/A       N/A         1

Dungeon Overview and Level Annotations

Branches:
Dungeon (1/15)

Altars:
Okawaru


Message History

A quokka is nearby!
A quokka is nearby!
You hit the quokka but do no damage. The quokka barely misses you.
You closely miss the quokka. The quokka bites you.
You barely miss the quokka. The quokka closely misses you.
The quokka misses you.
You miss the quokka. The quokka barely misses you.
You closely miss the quokka. The quokka bites you.
You hit the quokka but do no damage. The quokka barely misses you.
You miss the quokka. The quokka bites you.
You hit the quokka but do no damage. The quokka misses you.
You barely miss the quokka. The quokka closely misses you.
You hit the quokka.
The quokka is moderately wounded.
The quokka bites you.
You are too injured to fight recklessly!
The quokka attacks as you move away! The quokka bites you. x2
You barely miss the quokka.
The quokka is moderately wounded.
The quokka bites you.
* * * LOW HITPOINT WARNING * * *
You barely miss the quokka.
The quokka is moderately wounded.
The quokka barely misses you.
You barely miss the quokka.
The quokka is moderately wounded.
The quokka misses you.
You closely miss the quokka.
The quokka is moderately wounded.
The quokka completely misses you.
You miss the quokka.
The quokka is moderately wounded.
The quokka barely misses you.
You closely miss the quokka.
The quokka is moderately wounded.
The quokka closely misses you. The quokka bites you.
* * * LOW HITPOINT WARNING * * *
You gain the combat prowess of a mighty hero.
The quokka bites you.
You die...

#.#....###......
###.#####.#.######
#######..†# ##.##
#### ..........#
#.# #...
.######.###
#.####.8. #.#
#....#... #.#
#.##.+.8. #.#
#.####... #@# #.#
#.8. #r# #.# #...
#.# #.# #### #.#
#.# #.# #.# ...
#.# ... ..# ...
### ##.##


You could see a quokka.

Vanquished Creatures
  2 endoplasms (D:1)
  A quokka (D:1)
  A bat (D:1)
  3 rats (D:1)
7 creatures vanquished.

Notes
Turn   | Place    | Note
-------+----------+-------------------------------------------
     0 | D:1      | Bruhh the Human Monk began the quest for the Orb.
     0 | D:1      | Reached XP level 1. HP: 18/18 MP: 1/1
    65 | D:1      | Found a faded altar of an unknown god.
    74 | D:1      | Prayed at the altar of an unknown god.
    74 | D:1      | Became a worshipper of Warmaster Okawaru
    74 | D:1      | Reached * piety under Okawaru
    74 | D:1      | Reached ** piety under Okawaru
   146 | D:1      | Reached XP level 2. HP: 18/24 MP: 2/2
   248 | D:1      | HP: 1/24 [quokka (3)]
   249 | D:1      | Slain by a quokka

Illustrated notes

Levels and vault maps discovered:
D:1:      doesnt_arrival_eight_statues, layout_loops_ring,
          ebering_ecumenical_altar_webs, minmay_pentomino_w2

Action                   || total
-------------------------++-------
Melee: Spear             ||    33
Invok: Heroism           ||     1
 Stab: Sleeping          ||     2
Armor: Robe              ||     3
Dodge: Dodged            ||    14

Table legend: (Time is in decaauts)
 A = Elapsed time spent in this place.
 B = Non-inter-level travel time spent in this place.
 C = Inter-level travel time spent in this place.
 D = Time resting spent in this place.
 E = Time spent auto-exploring this place.
 F = Levels seen in this place.
 G = Mean time per level.
                   A        B        C        D        E       F      G
               +--------+--------+--------+--------+--------+-----+--------+
         Total |    247 |    247 |      0 |      0 |    182 |   1 |  247.0 |
       Dungeon |    247 |    247 |      0 |      0 |    182 |   1 |  247.0 |
               +--------+--------+--------+--------+--------+-----+--------+

Top non-repeatable levels by time:
     D:1: 247 daAuts
